 Dungeon Crawl Stone Soup version 0.32-a0-350-g4f4d228785 (webtiles) character file.

Game seed: 13456946955691888503

133 ragingrage the Chopper (level 4, 0/36 HPs)
             Began as a Mountain Dwarf Reaver on Feb 18, 2024.
             Was an Initiate of Ashenzari.
             Slain by an adder (2 damage)
             ... on level 3 of the Dungeon.
             The game lasted 00:01:52 (2238 turns).

ragingrage the Chopper (Mountain Dwarf Reaver)      Turns: 2238, Time: 00:01:53

Health: 0/36       AC:  3    Str: 16    XL:     4   Next: 93%
Magic:  6/6        EV: 11    Int: 14    God:    Ashenzari [......]
Gold:   177        SH:  0    Dex:  8    Spells: 5/6 levels left

rFire   . . .        a - +0 hand axe
rCold   . . .        (no shield)
rNeg    . . .        b - +0 leather armour of Cremastomancy {Comp, Cun} (curse)
rPois   .            (no helmet)
rElec   .            (no cloak)
rCorr   .            (no gloves)
SInv    .            (no boots)
Will    .....        (no amulet)
Stlth   +            (no ring)
HPRegen 0.26/turn    (no ring)
MPRegen 0.10/turn

%: no passive effects
@: lethally poisoned (0 -> -3)
A: runic magic, artefact enchanting
a: Renounce Religion, Shatter the Chains


You were on level 3 of the Dungeon.
You worshipped Ashenzari.
Ashenzari was noncommittal.
You visited 1 branch of the dungeon, and saw 3 of its levels.

You collected 177 gold pieces.

Inventory:

Hand Weapons
 a - a +0 hand axe (weapon)
 i - the +2 rapier of Kieq Coh {pain, Str+2}
   (You found it on level 2 of the Dungeon)

   Str+2:     It affects your strength (+2).
Missiles
 l - 6 boomerangs
Armour
 b - the cursed +0 leather armour of Cremastomancy (worn) {Comp, Cun}

   It has a curse which improves the following skills: Companions: Summonings
   and Necromancy.
   Cunning:   Dodging and Stealth.
 o - a +0 leather armour of cold resistance
Scrolls
 c - a scroll of blinking {unknown}
 d - a scroll of teleportation {unknown}
 e - a scroll of poison {unknown}
 g - a scroll of fog {unknown}
 h - a scroll of fear {unknown}
 j - a scroll of identify {unknown}
 n - a scroll of amnesia {unknown}
Potions
 f - 4 potions of curing {unknown}
 k - 3 potions of heal wounds {unknown}
 m - a potion of might {unknown}


   Skills:
 - Level 2.1 Fighting
 + Level 6.2 Axes
 - Level 1.3(1.6) Dodging
 + Level 0.5(0.7) Stealth
 - Level 1.7 Spellcasting
 - Level 2.6 Conjurations
 - Level 2.0(2.3) Necromancy


You had 5 spell levels left.
You knew the following spells:

 Your Spells              Type           Power      Damage    Failure   Level
a - Kiss of Death         Conj/Necr      32%        2d7       9%          1

Your spell library contained the following spells:

 Spells                   Type           Power      Damage    Failure   Level
 Momentum Strike          Conj/Tloc      8%         3d8       22%         2
 Freeze                   Ice            4%         1d3       26%         1
 Hailstorm                Conj/Ice       4%         3d5       41%         3
 Frozen Ramparts          Ice            2%         1d1       58%         3


Dungeon Overview and Level Annotations

Branches:
Dungeon (3/15)

Altars:
Ashenzari

Shops:
D:3 (


Innate Abilities, Weirdness & Mutations

Your spellcasting is much less encumbered by armour.
You can use scrolls of enchantment on lesser artefacts.


Message History

You closely miss the ball python. You closely miss the adder.
The ball python bites you but does no damage.
The ball python constricts you. The adder bites you but does no damage.
You closely miss the ball python. You closely miss the adder.
The ball python bites you but does no damage.
The ball python constricts you. The adder bites you but does no damage.
The ball python bites you. The ball python constricts you.
You slash the ball python!
You kill the ball python!
You closely miss the adder. The adder bites you.
You are too injured to fight recklessly!
An adder is nearby!
An adder is nearby!
You miss the adder. The adder bites you. The adder closely misses you.
You miss the adder. The adder bites you.
You barely miss the adder. The adder bites you.
You are poisoned.
The adder poisons you!
You miss the adder.
You feel sick. The adder barely misses you. x2
You closely miss the adder.
You feel sick. The adder misses you.
You closely miss the adder.
You feel sick. The adder bites you.
You are more poisoned.
The adder poisons you!
You slash the adder!
You feel sick. The adder barely misses you.
You hit the adder.
You feel sick. The adder bites you.
You are more poisoned.
The adder poisons you! The adder bites you.
You miss the adder.
* * * LOW HITPOINT WARNING * * *
You feel very sick. The adder closely misses you.
You barely miss the adder.
You feel sick. The adder bites you but does no damage.
You hit the adder.
You feel sick. The adder bites you.
* * * LOW HITPOINT WARNING * * *
The adder bites you but does no damage.
You miss the adder.
* * * LOW HITPOINT WARNING * * *
You feel sick. The adder bites you.
You die...

.............# #.#..)..>.....#
.............# #.#...........#
.....).......# #.#.#.........#
.............###...##........#
.............#....####.......#
.......>.......#.#...........#
..)).......#.........#.......#
....#.........##.#.###.......#
.........#...###@#.# ...
...#######.... #.S.#
.##.$......... .......
....#....... .(.##..... ...##
...... .<### ..... #...# .....
... #### ..#.#.>........
###.#......... ##.††......


You could see an adder.

Vanquished Creatures
  3 adders (D:2)
  3 dart slugs
  7 ball pythons
  4 endoplasms
  2 giant cockroaches
  8 goblins
  8 hobgoblins
  8 kobolds
  2 quokkas
  2 bats
  5 frilled lizards (D:1)
  5 rats
57 creatures vanquished.

Notes
Turn   | Place    | Note
-------+----------+-------------------------------------------
     0 | D:1      | ragingrage the Mountain Dwarf Reaver began the quest for
                  | the Orb.
     0 | D:1      | Reached XP level 1. HP: 17/17 MP: 3/3
    60 | D:1      | Reached skill level 1 in Necromancy
    63 | D:1      | Reached skill level 4 in Axes
    63 | D:1      | Reached XP level 2. HP: 20/24 MP: 4/4
   376 | D:1      | Reached XP level 3. HP: 22/29 MP: 5/5
   762 | D:1      | Reached skill level 5 in Axes
  1237 | D:2      | Reached XP level 4. HP: 26/36 MP: 6/6
  1306 | D:2      | Identified the +2 rapier of Kieq Coh {pain, Str+2}
  1630 | D:2      | Found a faded altar of an unknown god.
  1725 | D:2      | Prayed at the altar of an unknown god.
  1725 | D:2      | Became a worshipper of Ashenzari the Shackled
  1969 | D:2      | Reached skill level 6 in Axes
  2041 | D:3      | Found Atexto's Antique Weapon Shop.
  2238 | D:3      | Slain by an adder

Illustrated notes

Levels and vault maps discovered:
D:1:      doesnt_arrival_eight_statues, layout_basic, serial_bayou,
          serial_bayou_pond_d, serial_bayou_pond_b, serial_bayou_crossing,
          serial_bayou_pond_d, nicolae_eternal_life
D:2:      layout_loops_ring, shapermc_ecumenical_altar_pompeii,
          serial_bayou_pond_e
D:3:      layout_rooms, lemuel_coloured_pillars_altar, serial_shops, shop

Skill      XL: |  1  2  3  4 |
---------------+-------------+-----
Necromancy     | 1 2 |  2.0
Axes           | 4 5 6 |  6.2
Fighting       | |  2.1
Dodging        | |  1.3
Stealth        | |  0.5
Spellcasting   | |  1.7
Conjurations   | |  2.6

Action                     |  1- 3 |  4- 6 || total
---------------------------+-------+-------++-------
  Melee: Hand axe          |   111 |    77 ||   188
 Invoke: Curse Item        |       |     1 ||     1
 Armour: Leather armour    |    65 |    51 ||   116
  Dodge: Dodged            |    52 |    37 ||    89

Table legend: (Time is in decaauts)
 A = Elapsed time spent in this place.
 B = Non-inter-level travel time spent in this place.
 C = Inter-level travel time spent in this place.
 D = Time resting spent in this place.
 E = Time spent auto-exploring this place.
 F = Levels seen in this place.
 G = Mean time per level.
                   A        B        C        D        E       F      G
               +--------+--------+--------+--------+--------+-----+--------+
         Total |   2266 |   2170 |     96 |    229 |   1496 |   3 |  755.3 |
       Dungeon |   2266 |   2170 |     96 |    229 |   1496 |   3 |  755.3 |
               +--------+--------+--------+--------+--------+-----+--------+

Top non-repeatable levels by time:
     D:1: 1057 daAuts
     D:2: 1012 daAuts
     D:3: 197 daAuts
